 Dungeon Crawl Stone Soup version 0.29-a0-1043-g569b05d6ff (webtiles) character file.

Game seed: 6099271569033739879

621 Newt the Chucker (level 7, -1/56 HPs)
             Began as a Demonspawn Gladiator on Aug 15, 2022.
             Shot with an arrow by a centaur (7 damage)
             ... on level 6 of the Dungeon.
             The game lasted 00:12:34 (6579 turns).

Newt the Chucker (Demonspawn Gladiator)             Turns: 6579, Time: 00:12:34

Health: -1/56      AC:  6    Str: 16    XL:     7   Next: 22%
Magic:  7/7        EV: 12    Int:  9    God:
Gold:   288        SH:  4    Dex: 15    Spells: 6/6 levels left

rFire   . . .      SeeInvis .   b - +0 sling
rCold   . . .      Faith    .   C - +0 buckler
rNeg    . . .      Spirit   .   g - +0 leather armour
rPois   .          Reflect  .   (helmet restricted)
rElec   .          Harm     .   (no cloak)
rCorr   .          Rampage  .   (no gloves)
Will    .....                   n - +0 pair of boots
Stlth   ++........              (no amulet)
HPRegen 0.18/turn               (no ring)
MPRegen 0.10/turn               (no ring)

@: no status effects
A: antennae 1, rugged brown scales 2, ignite blood 1
a: no special abilities


You were on level 6 of the Dungeon.
You visited 2 branches of the dungeon, and saw 7 of its levels.

You collected 288 gold pieces.

Inventory:

Hand Weapons
 a - a +0 rapier
 b - a +0 sling (weapon)
Missiles
 d - a throwing net
 e - a javelin
 f - 11 poisoned darts
 j - 10 boomerangs
 m - 34 stones
 B - 2 silver javelins
Armour
 c - a +0 helmet
 g - a +0 leather armour (worn)
 n - a +0 pair of boots (worn)
 r - a +0 ring mail
 C - a +0 buckler (worn)
Jewellery
 D - a +6 ring of intelligence
Wands
 y - a wand of acid (9)
Scrolls
 h - a scroll of summoning {unknown}
 k - a scroll of enchant weapon {unknown}
 l - 2 scrolls of teleportation
 s - a scroll of immolation
 t - a scroll of fear {unknown}
 u - a scroll of blinking {unknown}
 v - a scroll of fog {unknown}
Potions
 i - a potion of curing
 o - a potion of heal wounds
 p - a potion of mutation
 q - a potion of degeneration
 w - a potion of haste
 x - a potion of attraction
 z - a potion of brilliance {unknown}
 A - 2 potions of cancellation {unknown}


   Skills:
 - Level 4.0 Fighting
 - Level 4.0 Short Blades
 - Level 3.0 Ranged Weapons
 - Level 4.0 Throwing
 - Level 2.6 Dodging
 - Level 2.0 Stealth
 + Level 1.5 Shields


You had 6 spell levels left.
You didn't know any spells.
Your spell library contained the following spells:

 Spells                   Type           Power      Damage    Failure   Level
 Apportation              Tloc           0%         N/A       56%         1
 Sandblast                Erth           0%         2d4       56%         1
 Passwall                 Tmut/Erth      0%         N/A       71%         2
 Sublimation of Blood     Necr           0%         N/A       71%         2
 Wereblood                Tmut           0%         N/A       71%         2
 Gell's Gravitas          Tloc           0%         N/A       90%         3
 Stone Arrow              Conj/Erth      0%         3d7       90%         3
 Teleport Other           Tloc           0%         N/A       90%         3
 Corpse Rot               Necr/Pois/Air  0%         N/A       100%        4
 Dispel Undead            Necr           0%         3d6       100%        4
 Alistair's Intoxication  Tmut/Pois      0%         N/A       100%        5
 Summon Forest            Summ/Tloc      0%         N/A       100%        5
 Death Channel            Necr           0%         N/A       100%        6
 Dispersal                Tloc           0%         N/A       100%        6
 Eringya's Noxious Bog    Tmut/Pois      0%         N/A       100%        6
 Summon Hydra             Summ           0%         N/A       100%        7


Dungeon Overview and Level Annotations

Branches:
Dungeon (6/15)             Temple (1/1) D:4

Altars:
Ashenzari
Dithmenos
Makhleb
Nemelex Xobeh
Qazlal
Sif Muna
Uskayaw


Innate Abilities, Weirdness & Mutations

You have a pair of small antennae on your head.
You are mostly covered in rugged brown scales. (AC +2, +5% HP)
Your demonic aura sometimes causes spilled blood to erupt in flames.


Message History

Press: ? - help, Q - select action, (/) - cycle Shift-Dir - straight line, f/p - gnoll sergeant
Aim: a gnoll sergeant, wielding a +0 war axe and wearing a +0 ring mail (almost dead, 79% to hit)
The bolt of acid hits the gnoll sergeant!
The acid corrodes the gnoll sergeant!
You kill the gnoll sergeant!
The bolt of acid misses the gnoll.
The bolt of acid hits the gnoll!
The acid corrodes the gnoll!
You kill the gnoll!
The bolt of acid hits the gnoll!!
The acid corrodes the gnoll!
You kill the gnoll!
Training target 4.0 for Fighting reached!
Your Fighting skill increases to level 4!
You need to enable at least one skill for training.
Your Shields skill increases to level 1!
Unknown command.
The gnoll attacks as you move away! The gnoll completely misses you.
The gnoll attacks as you move away! The gnoll hits you with a +0 flail!
* * * LOW HITPOINT WARNING * * *
Your surroundings suddenly seem different.
An iguana comes into view.
Found a book of Cantrips and a glowing spear.
Found a stone staircase leading down.
The iguana hisses angrily.
There is a stone staircase leading down here.
You climb downwards.
Found 23 gold pieces.
Found a stone staircase leading up.
There is a stone staircase leading up here.
You start resting.
A centaur comes into view.
A centaur is nearby!
The centaur shouts!
The centaur wields a +0 shortbow.
The centaur shoots an arrow.
You block the arrow.
A centaur is nearby!
The centaur shoots an arrow.
The arrow hits you!
* * * LOW HITPOINT WARNING * * *
There is a stone staircase leading up, spattered with blood here.
The centaur shoots an arrow.
You block the arrow.
The centaur shoots an arrow.
The arrow hits you!
You die...

#. .... #.
#.....# #.
....... #.
....... ###.
..^..c.
...##......#
##......$..
#..@#..#
#.###.#
#........
#.#..###.
.##.$# . ...
## ...< ####


You could see a centaur.

Vanquished Creatures
  A bullfrog (D:5)
  A gnoll sergeant (D:5)
  2 scorpions
  2 orc priests
  Terence (D:2)
  Jessica (D:2)
  3 orc wizards
  7 gnolls
  3 adders
  4 worms
  2 dart slugs
  8 orcs
  11 endoplasms
  2 giant cockroaches
  6 goblins
  11 hobgoblins
  3 jackals (D:4)
  A quokka (D:3)
  4 ball pythons
  5 bats
  4 frilled lizards
  8 kobolds
  6 rats
96 creatures vanquished.

Vanquished Creatures (others)
  5 fungi (D:3)
5 creatures vanquished.

Grand Total: 101 creatures vanquished

Notes
Turn   | Place    | Note
-------+----------+-------------------------------------------
     0 | D:1      | Newt the Demonspawn Gladiator began the quest for the Orb.
     0 | D:1      | Reached XP level 1. HP: 16/16 MP: 1/1
    89 | D:1      | Reached skill level 1 in Stealth
   253 | D:1      | Gained mutation: You are partially covered in rugged brown
                  | scales. (AC +1, +3% HP) [demonic ancestry]
   253 | D:1      | Reached XP level 2. HP: 16/22 MP: 2/2
   369 | D:1      | Found a faded altar of an unknown god.
   578 | D:1      | Reached skill level 1 in Ranged Weapons
   817 | D:1      | Reached XP level 3. HP: 27/27 MP: 3/3
  1525 | D:2      | Noticed Jessica
  1541 | D:2      | Killed Jessica
  1542 | D:2      | Gained mutation: You are mostly covered in rugged brown
                  | scales. (AC +2, +5% HP) [demonic ancestry]
  1542 | D:2      | Reached XP level 4. HP: 19/34 MP: 4/4
  1737 | D:2      | Noticed Terence
  1771 | D:2      | Killed Terence
  2435 | D:2      | Gained mutation: You have a pair of small antennae on your
                  | head. [demonic ancestry]
  2435 | D:2      | Reached XP level 5. HP: 32/39 MP: 5/5
  3594 | D:3      | Found a broken altar of Ashenzari.
  4578 | D:4      | Gained mutation: Your demonic aura sometimes causes spilled
                  | blood to erupt in flames. [demonic ancestry]
  4578 | D:4      | Reached XP level 6. HP: 24/46 MP: 6/6
  5735 | D:4      | Found a staircase to the Ecumenical Temple.
  5743 | Temple   | Entered the Ecumenical Temple
  6017 | D:5      | Entered Level 5 of the Dungeon
  6270 | D:5      | Reached XP level 7. HP: 41/55 MP: 7/7
  6538 | D:5      | Reached skill level 1 in Shields
  6579 | D:6      | Shot with an arrow by a centaur

Illustrated notes

Levels and vault maps discovered:
D:1:      denvon_arrival_waterhouse, layout_basic, ebering_ecumenical_altar_box
D:2:      layout_basic, uniq_terence, uniq_jessica
D:3:      cheibrodos_pilgrimage, layout_basic, mainiacjoe_overflow_chevrons,
          serial_corexii_hall, chequers_hall_statues_y, chequers_hall_statues_y,
          chequers_hall_statues_y, corexii_hall_statues_x, minmay_starry_boxes
D:4:      nicolae_cairo_tiling, layout_basic, minmay_temple_entry_ruins,
          minmay_close_crescents
D:5:      layout_cave_pods, serial_glass, glass_columns_c, glass_columns_c,
          glass_columns_b, glass_columns_a, glass_columns_b, glass_columns_a,
          minmay_strange_pillars, minmay_strange_pillars, feat_on_display,
          due_unseen_surprise, fountainhead, minmay_crystal_room
D:6:      layout_loops_ring, slow_altar_2, minmay_misc_feat_iff,
          kennysheep_generic_room_15
Temple:   hellmonk_temple_micro_hex

Skill      XL: |  1  2  3  4  5  6  7 |
---------------+----------------------+-----
Stealth        | 1 2 |  2.0
Ranged Weapons | 1 3 |  3.0
Throwing       | 2 4 |  4.0
Short Blades   | 3 4 |  4.0
Fighting       | 3 4 |  4.0
Shields        | 1 |  1.5
Dodging        | |  2.6

Action                   |  1- 3 |  4- 6 |  7- 9 || total
-------------------------+-------+-------+-------++-------
Melee: Rapier            |    34 |   220 |       ||   254
       Punch             |       |     3 |       ||     3
 Fire: Sling             |    94 |    62 |     8 ||   164
Throw: Dart              |    10 |     5 |       ||    15
       Throwing net      |     4 |     2 |       ||     6
       Javelin           |     1 |     2 |       ||     3
       Stone             |       |     5 |       ||     5
       Boomerang         |       |     4 |       ||     4
Evoke: Wand              |       |     2 |     1 ||     3
  Use: Scroll            |     1 |     6 |     1 ||     8
       Potion            |       |     2 |       ||     2
 Stab: Sleeping          |     1 |       |       ||     1
       Distracted        |       |     1 |       ||     1
Armor: Leather armour    |    36 |    75 |       ||   111
Dodge: Dodged            |    70 |   123 |     3 ||   196
Block: Buckler           |       |     4 |     3 ||     7

Table legend: (Time is in decaauts)
 A = Elapsed time spent in this place.
 B = Non-inter-level travel time spent in this place.
 C = Inter-level travel time spent in this place.
 D = Time resting spent in this place.
 E = Time spent auto-exploring this place.
 F = Levels seen in this place.
 G = Mean time per level.
                   A        B        C        D        E       F      G
               +--------+--------+--------+--------+--------+-----+--------+
         Total |   6649 |   6544 |    105 |   2151 |   3079 |   7 |  949.9 |
       Dungeon |   6648 |   6543 |    105 |   2151 |   3079 |   6 | 1108.0 |
        Temple |      1 |      1 |      0 |      0 |      0 |   1 |    1.0 |
               +--------+--------+--------+--------+--------+-----+--------+

Top non-repeatable levels by time:
     D:3: 1997 daAuts
     D:2: 1529 daAuts
     D:4: 1369 daAuts
     D:1: 1186 daAuts
     D:5: 529 daAuts
     D:6: 35 daAuts
  Temple: 1 daAuts
